 Dungeon Sprint DCSS version 0.22-a0-414-gacd343e (webtiles) character file.

14856 Mgcat the Grappler (level 12, -2/100 HPs)
             Began as a Gnoll Transmuter on May 13, 2018.
             Was a High Priest of Okawaru.
             Killed by divine providence
             ... invoked by an orc priest
              (14 damage)
             ... in the Dungeon (Sprint IX: "|||||||||||||||||||||||||||||").
             The game lasted 00:08:41 (2023 turns).

Mgcat the Grappler (Gnoll Transmuter)               Turns: 2023, Time: 00:08:42

Health: -2/100     AC: 10    Str: 20    XL:     12   Next: 20%
Magic:  17/28      EV: 22    Int: 17    God:    Okawaru [*****.]
Gold:   1337       SH:  0    Dex: 15    Spells: 20/35 levels left

rFire    . . .     SeeInvis .     - Unarmed
rCold    . . .     Gourm    .   (shield currently unavailable)
rNeg     . . .     Faith    .   b - +2 robe
rPois    .         Spirit   .   p - +2 helmet
rElec    .         Reflect  .   (no cloak)
rCorr    .         Harm     .   (gloves currently unavailable)
MR       .....     NoTele   +   s - +0 pair of boots
Stlth    +++++.....             (no amulet)
HPRegen  0.26/turn              q - +2 ring of evasion
MPRegen  0.21/turn              r - +3 ring of strength

@: blade hands, finesse
A: distributed training, fangs 1, strong nose
a: End Transformation, Heroism, Finesse, Renounce Religion


You were in the Dungeon.
You worshipped Okawaru.
Okawaru was extremely pleased with you.
You were hungry.
You had blades for hands.
You visited 1 branch You collected 1337 gold pieces.

Inventory:

Missiles
 a - 51 arrows
 g - 6 steel javelins (quivered)
Armour
 b - a +2 robe (worn)
 o - a +2 pair of gloves (melded)
   (You found it in the Dungeon)
 p - a +2 helmet (worn)
   (You found it in the Dungeon)
 s - a +0 pair of boots (worn)
   (You found it in the Dungeon)
Magical Staves
 m - an uncursed staff of energy {+MP, hungerless spells, !d!a@w1}
   (You found it in the Dungeon)
Jewellery
 q - a +2 ring of evasion (left scythe-like blade)
   (You found it in the Dungeon)
 r - a +3 ring of strength (right scythe-like blade)
   (You found it in the Dungeon)
Wands
 n - a wand of iceblast (10)
   (You found it in the Dungeon)
Scrolls
 j - 2 scrolls of blinking {!r}
 k - 4 scrolls of remove curse
 l - 2 scrolls of amnesia
 u - a scroll of identify
 w - a scroll of fear
Potions
 e - 6 potions of curing
 f - a potion of heal wounds
 h - 4 potions of magic
 i - 2 potions of berserk rage {!q}
 t - a potion of brilliance
Comestibles
 c - 24 chunks of flesh {@w0}
 d - 10 rations


   Skills:
 + Level 11.4 Fighting
 + Level 11.1 Short Blades
 + Level 11.1 Long Blades
 + Level 11.1 Axes
 + Level 11.1 Maces & Flails
 + Level 11.1 Polearms
 + Level 11.1 Staves
 + Level 11.1 Slings
 + Level 11.1 Bows
 + Level 11.1 Crossbows
 + Level 11.1 Throwing
 + Level 11.1 Armour
 + Level 11.9 Dodging
 + Level 11.1 Stealth
 + Level 11.1 Shields
 + Level 12.6 Unarmed Combat
 + Level 12.1 Spellcasting
 + Level 9.5 Conjurations
 + Level 9.5 Hexes
 + Level 9.5 Charms
 + Level 9.5 Summonings
 + Level 9.5 Necromancy
 + Level 9.5 Translocations
 + Level 10.2 Transmutations
 + Level 9.5 Fire Magic
 + Level 9.5 Ice Magic
 + Level 9.5 Air Magic
 + Level 9.5 Earth Magic
 + Level 9.5 Poison Magic
 + Level 12.0 Invocations
 + Level 11.1 Evocations


You had 20 spell levels left.
You knew the following spells:

 Your Spells              Type           Power        Failure   Level  Hunger
a - Beastly Appendage     Tmut           #####.       7%          1    None
b - Sticks to Snakes      Tmut           #####...     8%          2    None
c - Spider Form           Tmut/Pois      #####.....   11%         3    None
d - Ice Form              Ice/Tmut       #####...     17%         4    ##.....
e - Blade Hands           Tmut           #####.....   24%         5    ####...

Your spell library contained the following spells:

 Spells                   Type           Power        Failure   Level  Hunger


Dungeon Overview and Level Annotations

Branches:
Dungeon (1/1)

Altars:
Cheibriados
Dithmenos
Elyvilon
Fedhas
Gozag
Hepliaklqana
Kikubaaqudgha
Makhleb
Nemelex Xobeh
Okawaru
Qazlal
Ru
Sif Muna
Trog
Uskayaw
Vehumet
Wu Jian
Xom
Yredelemnul
Zin
The Shining One
Beogh
Jiyva
Lugonu

Shops:
D %![*


Innate Abilities, Weirdness & Mutations

Your experience applies equally to all skills.
You have very sharp teeth.
Your uncanny sense of smell can sniff out nearby items.


Message History

Your Long Blades skill increases to level 11!
Your Axes skill increases to level 11!
Your Maces & Flails skill increases to level 11!
Your Polearms skill increases to level 11!
Your Staves skill increases to level 11!
Your Slings skill increases to level 11!
Your Bows skill increases to level 11!
Your Crossbows skill increases to level 11!
Your Throwing skill increases to level 11!
Your Armour skill increases to level 11!
Your Stealth skill increases to level 11!
Your Shields skill increases to level 11!
Your Spellcasting skill increases to level 12!
Your Evocations skill increases to level 11!
Your transformation is almost over.
The sun demon hits you!!
You are engulfed in flames!
Things that are here:
a hand axe; 100 gold pieces You barely miss the sun demon.
The sun demon hits you!
You are engulfed in flames!
* * * LOW HITPOINT WARNING * * *
You slash the sun demon! Your bite misses the sun demon.
The sun demon is lightly wounded.
You feel much better. The sun demon closely misses you.
You slice the sun demon!!
The sun demon is severely wounded.
The sun demon completely misses you.
You hit the sun demon. Your slash misses the sun demon.
Your bite misses the sun demon.
The sun demon is severely wounded.
The orc priest looks satisfied for a moment.
The orc high priest prays to Beogh.
You slash the sun demon!
The sun demon is almost dead.
The sun demon closely misses you.
You shred the sun demon!!!
You kill the sun demon!
The orc high priest mumbles some strange prayers to Beogh against you.
Beogh smites you!
The orc high priest mumbles some strange prayers to Beogh.
You hit the sun demon.
The sun demon is lightly wounded.
You slice the sun demon!! Your slash misses the sun demon.
The sun demon is heavily wounded.
You slash the sun demon!
You bite the sun demon, but do no damage.
The sun demon is severely wounded.
The sun demon barely misses you.
The orc high priest prays to Beogh.
You slash the sun demon! Your bite misses the sun demon.
The sun demon is almost dead.
You slice the sun demon!!
You kill the sun demon!
You slash the orc high priest!
The orc high priest is moderately wounded.
The smoke demon gestures at you. Beogh smites you!
* * * LOW HITPOINT WARNING * * *
You completely miss the orc high priest.
Your slash misses the orc high priest.
The orc high priest is moderately wounded.
You feel much better.
Your hands revert to their normal proportions.
Your +2 pair of gloves unmelds from your body.
The orc high priest barely misses you.
You barely miss the orc high priest. Your punch misses the orc high priest.
The orc high priest is moderately wounded.
The orc high priest invokes the aid of Beogh against you.
Beogh smites you! The orc high priest closely misses you.
The smoke demon gestures at you. Beogh smites you!
* * * LOW HITPOINT WARNING * * *
Unknown command.
Unknown command.
Unknown command.
Casting: Blade Hands (safe; 3% risk of failure)
Confirm with . or Enter, or press ? or * to list all spells.
Your hands turn into razor-sharp scythe blades.
Your +2 pair of gloves melds into your body.
You are feeling hungry.
The orc high priest misses you.
You completely miss the orc high priest.
The orc high priest is moderately wounded.
You shred the orc high priest!!!
You kill the orc high priest!
Okawaru is honoured by your kill.
Your Invocations skill increases to level 12!
The orc priest closely misses you.
There is an entrance to Elidwide's Food Shop here.
Things that are here:
a dire flail; 50 gold pieces You slice the orc priest!!
You kill the orc priest!
Okawaru accepts your kill.
The orc high priest mumbles some strange prayers to Beogh against you.
Beogh smites you!
* * * LOW HITPOINT WARNING * * *
The orc priest invokes the aid of Beogh against you.
Beogh smites you!
You die...

▓..'....))'.....))..[..)...'_____
▓.▓▓▓▓▓▓▓▓▓▓▓▓▓▓▓▓▓▓▓▓▓▓▓▓▓▓▓▓▓▓▓
▓................................
▓▓▓▓▓▓▓▓▓▓▓▓▓▓▓▓▓▓▓▓▓▓▓▓▓▓▓▓▓▓▓▓▓
▓....'..[.[[..'.)..........÷.)(..
▓.▓▓▓▓▓▓▓▓▓▓▓▓▓▓▓▓▓▓▓▓▓▓▓▓▓▓▓▓▓▓▓
▓................................
▓▓▓▓▓▓▓▓▓▓▓▓▓▓▓▓▓▓▓▓▓▓▓▓▓▓▓▓▓▓▓▓▓
+.3oo)@)∩.∩(∩))))('..))
▓▓▓▓▓▓▓▓▓▓▓▓▓▓▓▓▓▓▓▓▓▓▓ ∆∆∆∆ ∆


You could see an orc high priest, a smoke demon and an orc priest.

Vanquished Creatures
  A stone giant (D)
  2 dire elephants (D)
  Erica (D)
  A centaur warrior (D)
  6 orc high priests (D)
  An orc knight (D)
  A lindwurm (D)
  6 elephants (D)
  2 black mambas (D)
  A komodo dragon (D)
  2 hippogriffs (D)
  A steam dragon (D)
  2 water moccasins (D)
  A porcupine (D)
  12 orc warriors (D)
  A sky beast (D)
  2 ogres (D)
  4 crocodiles (D)
  4 bullfrogs (D)
  A scorpion (D)
  A howler monkey (D)
  9 orc priests (D)
  A jelly (D)
  5 orc wizards (D)
  An adder (D)
  An adder zombie (D)
  A dart slug (D)
  6 orcs (D)
  A bat zombie (D)
  A hobgoblin (D)
  A quokka (D)
  A bat (D)
  A kobold (D)
  A leopard gecko skeleton (D)
  A rat (D)
84 creatures vanquished.

Vanquished Creatures (others)
  A water moccasin (D)
1 creature vanquished.

Grand Total: 85 creatures vanquished

Notes
Turn   | Place    | Note
-------+----------+-------------------------------------------
     0 | D        | Mgcat the Gnoll Transmuter began the quest for the Orb.
     0 | D        | Reached XP level 1. HP: 17/17 MP: 6/6
    13 | D        | Reached skill level 5 in Spellcasting
    13 | D        | Reached skill level 1 in Invocations
    14 | D        | Reached skill level 1 in Short Blades
    14 | D        | Reached skill level 1 in Long Blades
    14 | D        | Reached skill level 1 in Axes
    14 | D        | Reached skill level 1 in Maces & Flails
    14 | D        | Reached skill level 1 in Polearms
    14 | D        | Reached skill level 1 in Staves
    14 | D        | Reached skill level 1 in Slings
    14 | D        | Reached skill level 1 in Bows
    14 | D        | Reached skill level 1 in Crossbows
    14 | D        | Reached skill level 1 in Throwing
    14 | D        | Reached skill level 1 in Armour
    14 | D        | Reached skill level 1 in Stealth
    14 | D        | Reached skill level 1 in Shields
    14 | D        | Reached skill level 1 in Evocations
    63 | D        | Noticed a scorpion
    63 | D        | Noticed an ogre
    70 | D        | Killed an ogre
    70 | D        | Reached skill level 3 in Fighting
    70 | D        | Reached skill level 2 in Short Blades
    70 | D        | Reached skill level 2 in Long Blades
    70 | D        | Reached skill level 2 in Axes
    70 | D        | Reached skill level 2 in Maces & Flails
    70 | D        | Reached skill level 2 in Polearms
    70 | D        | Reached skill level 2 in Staves
    70 | D        | Reached skill level 2 in Slings
    70 | D        | Reached skill level 2 in Bows
    70 | D        | Reached skill level 2 in Crossbows
    70 | D        | Reached skill level 2 in Throwing
    70 | D        | Reached skill level 2 in Armour
    70 | D        | Reached skill level 5 in Dodging
    70 | D        | Reached skill level 2 in Stealth
    70 | D        | Reached skill level 2 in Shields
    70 | D        | Reached skill level 7 in Unarmed Combat
    70 | D        | Reached skill level 2 in Conjurations
    70 | D        | Reached skill level 2 in Hexes
    70 | D        | Reached skill level 2 in Charms
    70 | D        | Reached skill level 2 in Summonings
    70 | D        | Reached skill level 2 in Necromancy
    70 | D        | Reached skill level 2 in Translocations
    70 | D        | Reached skill level 4 in Transmutations
    70 | D        | Reached skill level 2 in Fire Magic
    70 | D        | Reached skill level 2 in Ice Magic
    70 | D        | Reached skill level 2 in Air Magic
    70 | D        | Reached skill level 2 in Earth Magic
    70 | D        | Reached skill level 2 in Poison Magic
    70 | D        | Reached skill level 3 in Invocations
    70 | D        | Reached skill level 2 in Evocations
    70 | D        | Reached XP level 2. HP: 19/25 MP: 5/8
    70 | D        | Reached XP level 3. HP: 23/30 MP: 6/10
    70 | D        | Reached XP level 4. HP: 29/37 MP: 6/11
    76 | D        | Reached skill level 4 in Fighting
    76 | D        | Reached skill level 3 in Short Blades
    76 | D        | Reached skill level 3 in Long Blades
    76 | D        | Reached skill level 3 in Axes
    76 | D        | Reached skill level 3 in Maces & Flails
    76 | D        | Reached skill level 3 in Polearms
    76 | D        | Reached skill level 3 in Staves
    76 | D        | Reached skill level 3 in Slings
    76 | D        | Reached skill level 3 in Bows
    76 | D        | Reached skill level 3 in Crossbows
    76 | D        | Reached skill level 3 in Throwing
    76 | D        | Reached skill level 3 in Armour
    76 | D        | Reached skill level 3 in Stealth
    76 | D        | Reached skill level 3 in Shields
    76 | D        | Reached skill level 6 in Spellcasting
    76 | D        | Reached skill level 3 in Evocations
    76 | D        | Reached XP level 5. HP: 24/42 MP: 6/13
    98 | D        | Learned a level 2 spell: Sticks to Snakes
   102 | D        | Learned a level 3 spell: Spider Form
   107 | D        | Learned a level 4 spell: Ice Form
   113 | D        | Learned a level 5 spell: Blade Hands
   283 | D        | Found a roughly hewn altar of Beogh.
   283 | D        | Found a snail-covered altar of Cheibriados.
   283 | D        | Found a shadowy altar of Dithmenos.
   283 | D        | Found a white marble altar of Elyvilon.
   283 | D        | Found a blossoming altar of Fedhas.
   283 | D        | Found an opulent altar of Gozag.
   284 | D        | Found a hazy altar of Hepliaklqana.
   285 | D        | Found a viscous altar of Jiyva.
   286 | D        | Found an ancient bone altar of Kikubaaqudgha.
   287 | D        | Found a corrupted altar of Lugonu.
   288 | D        | Found a burning altar of Makhleb.
   289 | D        | Found a sparkling altar of Nemelex Xobeh.
   290 | D        | Found an iron altar of Okawaru.
   291 | D        | Found a stormy altar of Qazlal.
   292 | D        | Found a sacrificial altar of Ru.
   293 | D        | Found a deep blue altar of Sif Muna.
   294 | D        | Found a bloodstained altar of Trog.
   295 | D        | Found a hide-covered altar of Uskayaw.
   296 | D        | Found a radiant altar of Vehumet.
   297 | D        | Found an ornate altar of the Wu Jian Council.
   298 | D        | Became a worshipper of Warmaster Okawaru
   299 | D        | Found a shimmering altar of Xom.
   300 | D        | Found a basalt altar of Yredelemnul.
   301 | D        | Found a glowing silver altar of Zin.
   302 | D        | Found a glowing golden altar of the Shining One.
   345 | D        | Noticed an ogre
   348 | D        | Reached skill level 6 in Dodging
   348 | D        | Reached skill level 3 in Conjurations
   348 | D        | Reached skill level 3 in Hexes
   348 | D        | Reached skill level 3 in Charms
   348 | D        | Reached skill level 3 in Summonings
   348 | D        | Reached skill level 3 in Necromancy
   348 | D        | Reached skill level 3 in Translocations
   348 | D        | Reached skill level 5 in Transmutations
   348 | D        | Reached skill level 3 in Fire Magic
   348 | D        | Reached skill level 3 in Ice Magic
   348 | D        | Reached skill level 3 in Air Magic
   348 | D        | Reached skill level 3 in Earth Magic
   348 | D        | Reached skill level 3 in Poison Magic
   348 | D        | Reached skill level 4 in Invocations
   360 | D        | Killed an ogre
   360 | D        | Reached skill level 5 in Fighting
   360 | D        | Reached skill level 4 in Short Blades
   360 | D        | Reached skill level 4 in Long Blades
   360 | D        | Reached skill level 4 in Axes
   360 | D        | Reached skill level 4 in Maces & Flails
   360 | D        | Reached skill level 4 in Polearms
   360 | D        | Reached skill level 4 in Staves
   360 | D        | Reached skill level 4 in Slings
   360 | D        | Reached skill level 4 in Bows
   360 | D        | Reached skill level 4 in Crossbows
   360 | D        | Reached skill level 4 in Throwing
   360 | D        | Reached skill level 4 in Armour
   360 | D        | Reached skill level 4 in Stealth
   360 | D        | Reached skill level 4 in Shields
   360 | D        | Reached skill level 4 in Evocations
   360 | D        | Reached XP level 6. HP: 46/51 MP: 11/15
   364 | D        | Reached skill level 8 in Unarmed Combat
   364 | D        | Reached skill level 5 in Invocations
   386 | D        | Noticed a centaur warrior
   386 | D        | Noticed an orc warrior
   386 | D        | Noticed a sky beast
   402 | D        | Killed a sky beast
   402 | D        | Reached skill level 5 in Short Blades
   402 | D        | Reached skill level 5 in Long Blades
   402 | D        | Reached skill level 5 in Axes
   402 | D        | Reached skill level 5 in Maces & Flails
   402 | D        | Reached skill level 5 in Polearms
   402 | D        | Reached skill level 5 in Staves
   402 | D        | Reached skill level 5 in Slings
   402 | D        | Reached skill level 5 in Bows
   402 | D        | Reached skill level 5 in Crossbows
   402 | D        | Reached skill level 5 in Throwing
   402 | D        | Reached skill level 5 in Armour
   402 | D        | Reached skill level 5 in Stealth
   402 | D        | Reached skill level 5 in Shields
   402 | D        | Reached skill level 7 in Spellcasting
   402 | D        | Reached skill level 4 in Conjurations
   402 | D        | Reached skill level 4 in Hexes
   402 | D        | Reached skill level 4 in Charms
   402 | D        | Reached skill level 4 in Summonings
   402 | D        | Reached skill level 4 in Necromancy
   402 | D        | Reached skill level 4 in Translocations
   402 | D        | Reached skill level 4 in Fire Magic
   402 | D        | Reached skill level 4 in Ice Magic
   402 | D        | Reached skill level 4 in Air Magic
   402 | D        | Reached skill level 4 in Earth Magic
   402 | D        | Reached skill level 4 in Poison Magic
   402 | D        | Reached skill level 5 in Evocations
   402 | D        | Reached XP level 7. HP: 37/57 MP: 13/17
   410 | D        | Killed a centaur warrior
   410 | D        | Reached * piety under Okawaru
   410 | D        | Reached ** piety under Okawaru
   410 | D        | Reached skill level 6 in Fighting
   410 | D        | Reached skill level 6 in Short Blades
   410 | D        | Reached skill level 6 in Long Blades
   410 | D        | Reached skill level 6 in Axes
   410 | D        | Reached skill level 6 in Maces & Flails
   410 | D        | Reached skill level 6 in Polearms
   410 | D        | Reached skill level 6 in Staves
   410 | D        | Reached skill level 6 in Slings
   410 | D        | Reached skill level 6 in Bows
   410 | D        | Reached skill level 6 in Crossbows
   410 | D        | Reached skill level 6 in Throwing
   410 | D        | Reached skill level 6 in Armour
   410 | D        | Reached skill level 7 in Dodging
   410 | D        | Reached skill level 6 in Stealth
   410 | D        | Reached skill level 6 in Shields
   410 | D        | Reached skill level 9 in Unarmed Combat
   410 | D        | Reached skill level 8 in Spellcasting
   410 | D        | Reached skill level 5 in Conjurations
   410 | D        | Reached skill level 5 in Hexes
   410 | D        | Reached skill level 5 in Charms
   410 | D        | Reached skill level 5 in Summonings
   410 | D        | Reached skill level 5 in Necromancy
   410 | D        | Reached skill level 5 in Translocations
   410 | D        | Reached skill level 6 in Transmutations
   410 | D        | Reached skill level 5 in Fire Magic
   410 | D        | Reached skill level 5 in Ice Magic
   410 | D        | Reached skill level 5 in Air Magic
   410 | D        | Reached skill level 5 in Earth Magic
   410 | D        | Reached skill level 5 in Poison Magic
   410 | D        | Reached skill level 6 in Invocations
   410 | D        | Reached skill level 6 in Evocations
   410 | D        | Reached XP level 8. HP: 44/65 MP: 16/20
   418 | D        | Reached *** piety under Okawaru
   418 | D        | Reached skill level 7 in Invocations
   420 | D        | Reached skill level 7 in Fighting
   420 | D        | Reached skill level 8 in Dodging
   568 | D        | Noticed a black mamba
   568 | D        | Noticed a komodo dragon
   576 | D        | HP: 4/67 [komodo dragon (18)]
   589 | D        | Killed a komodo dragon
   599 | D        | Reached skill level 7 in Transmutations
   603 | D        | Killed a black mamba
   603 | D        | Reached **** piety under Okawaru
   603 | D        | Reached skill level 7 in Short Blades
   603 | D        | Reached skill level 7 in Long Blades
   603 | D        | Reached skill level 7 in Axes
   603 | D        | Reached skill level 7 in Maces & Flails
   603 | D        | Reached skill level 7 in Polearms
   603 | D        | Reached skill level 7 in Staves
   603 | D        | Reached skill level 7 in Slings
   603 | D        | Reached skill level 7 in Bows
   603 | D        | Reached skill level 7 in Crossbows
   603 | D        | Reached skill level 7 in Throwing
   603 | D        | Reached skill level 7 in Armour
   603 | D        | Reached skill level 7 in Stealth
   603 | D        | Reached skill level 7 in Shields
   603 | D        | Reached skill level 6 in Conjurations
   603 | D        | Reached skill level 6 in Hexes
   603 | D        | Reached skill level 6 in Charms
   603 | D        | Reached skill level 6 in Summonings
   603 | D        | Reached skill level 6 in Necromancy
   603 | D        | Reached skill level 6 in Translocations
   603 | D        | Reached skill level 6 in Fire Magic
   603 | D        | Reached skill level 6 in Ice Magic
   603 | D        | Reached skill level 6 in Air Magic
   603 | D        | Reached skill level 6 in Earth Magic
   603 | D        | Reached skill level 6 in Poison Magic
   603 | D        | Reached skill level 7 in Evocations
   603 | D        | Reached XP level 9. HP: 51/73 MP: 16/21
   608 | D        | Reached skill level 8 in Invocations
   611 | D        | Received a gift from Okawaru
   611 | D        | Reached skill level 9 in Spellcasting
   617 | D        | Reached skill level 8 in Fighting
   617 | D        | Reached skill level 10 in Unarmed Combat
   618 | D        | Reached skill level 9 in Dodging
   883 | D        | Noticed a lindwurm
   883 | D        | Noticed a black mamba
   887 | D        | Killed a black mamba
   887 | D        | Reached skill level 8 in Short Blades
   887 | D        | Reached skill level 8 in Long Blades
   887 | D        | Reached skill level 8 in Axes
   887 | D        | Reached skill level 8 in Maces & Flails
   887 | D        | Reached skill level 8 in Polearms
   887 | D        | Reached skill level 8 in Staves
   887 | D        | Reached skill level 8 in Slings
   887 | D        | Reached skill level 8 in Bows
   887 | D        | Reached skill level 8 in Crossbows
   887 | D        | Reached skill level 8 in Throwing
   887 | D        | Reached skill level 8 in Armour
   887 | D        | Reached skill level 8 in Stealth
   887 | D        | Reached skill level 8 in Shields
   887 | D        | Reached skill level 8 in Evocations
   901 | D        | Killed a lindwurm
   901 | D        | Received a gift from Okawaru
   901 | D        | Reached skill level 7 in Conjurations
   901 | D        | Reached skill level 7 in Hexes
   901 | D        | Reached skill level 7 in Charms
   901 | D        | Reached skill level 7 in Summonings
   901 | D        | Reached skill level 7 in Necromancy
   901 | D        | Reached skill level 7 in Translocations
   901 | D        | Reached skill level 8 in Transmutations
   901 | D        | Reached skill level 7 in Fire Magic
   901 | D        | Reached skill level 7 in Ice Magic
   901 | D        | Reached skill level 7 in Air Magic
   901 | D        | Reached skill level 7 in Earth Magic
   901 | D        | Reached skill level 7 in Poison Magic
   901 | D        | Reached skill level 9 in Invocations
   901 | D        | Reached XP level 10. HP: 37/82 MP: 12/23
  1145 | D        | Noticed an elephant
  1145 | D        | Noticed an elephant
  1145 | D        | Noticed an elephant
  1145 | D        | Noticed an elephant
  1145 | D        | Noticed an elephant
  1145 | D        | Noticed a dire elephant
  1153 | D        | Killed a dire elephant
  1153 | D        | Reached ***** piety under Okawaru
  1153 | D        | Received a gift from Okawaru
  1153 | D        | Reached skill level 9 in Fighting
  1153 | D        | Reached skill level 10 in Dodging
  1153 | D        | Reached skill level 10 in Spellcasting
  1155 | D        | Killed an elephant
  1155 | D        | Reached skill level 9 in Short Blades
  1155 | D        | Reached skill level 9 in Long Blades
  1155 | D        | Reached skill level 9 in Axes
  1155 | D        | Reached skill level 9 in Maces & Flails
  1155 | D        | Reached skill level 9 in Polearms
  1155 | D        | Reached skill level 9 in Staves
  1155 | D        | Reached skill level 9 in Slings
  1155 | D        | Reached skill level 9 in Bows
  1155 | D        | Reached skill level 9 in Crossbows
  1155 | D        | Reached skill level 9 in Throwing
  1155 | D        | Reached skill level 9 in Armour
  1155 | D        | Reached skill level 9 in Stealth
  1155 | D        | Reached skill level 9 in Shields
  1155 | D        | Reached skill level 11 in Unarmed Combat
  1155 | D        | Reached skill level 9 in Evocations
  1158 | D        | Killed an elephant
  1163 | D        | Killed an elephant
  1163 | D        | Received a gift from Okawaru
  1163 | D        | Reached skill level 10 in Invocations
  1167 | D        | Killed an elephant
  1168 | D        | Noticed an elephant
  1171 | D        | Noticed a dire elephant
  1174 | D        | Killed an elephant
  1174 | D        | Reached XP level 11. HP: 58/90 MP: 20/25
  1178 | D        | Reached skill level 8 in Conjurations
  1178 | D        | Reached skill level 8 in Hexes
  1178 | D        | Reached skill level 8 in Charms
  1178 | D        | Reached skill level 8 in Summonings
  1178 | D        | Reached skill level 8 in Necromancy
  1178 | D        | Reached skill level 8 in Translocations
  1178 | D        | Reached skill level 9 in Transmutations
  1178 | D        | Reached skill level 8 in Fire Magic
  1178 | D        | Reached skill level 8 in Ice Magic
  1178 | D        | Reached skill level 8 in Air Magic
  1178 | D        | Reached skill level 8 in Earth Magic
  1178 | D        | Reached skill level 8 in Poison Magic
  1183 | D        | Killed a dire elephant
  1183 | D        | Received a gift from Okawaru
  1183 | D        | Reached skill level 10 in Fighting
  1463 | D        | Noticed Erica
  1477 | D        | Killed Erica
  1477 | D        | Received a gift from Okawaru
  1477 | D        | Reached skill level 11 in Spellcasting
  1511 | D        | Reached skill level 10 in Short Blades
  1511 | D        | Reached skill level 10 in Long Blades
  1511 | D        | Reached skill level 10 in Axes
  1511 | D        | Reached skill level 10 in Maces & Flails
  1511 | D        | Reached skill level 10 in Polearms
  1511 | D        | Reached skill level 10 in Staves
  1511 | D        | Reached skill level 10 in Slings
  1511 | D        | Reached skill level 10 in Bows
  1511 | D        | Reached skill level 10 in Crossbows
  1511 | D        | Reached skill level 10 in Throwing
  1511 | D        | Reached skill level 10 in Armour
  1511 | D        | Reached skill level 10 in Stealth
  1511 | D        | Reached skill level 10 in Shields
  1511 | D        | Reached skill level 10 in Evocations
  1537 | D        | Noticed a stone giant
  1540 | D        | Reached skill level 11 in Dodging
  1549 | D        | Killed a stone giant
  1549 | D        | Reached skill level 11 in Invocations
  1805 | D        | Received a gift from Okawaru
  1805 | D        | Reached skill level 12 in Unarmed Combat
  1807 | D        | Noticed an orc knight
  1824 | D        | Killed an orc knight
  1967 | D        | Found Bume's General Store.
  1967 | D        | Noticed an orc high priest
  1969 | D        | Noticed an orc high priest
  1971 | D        | Found Yput's Antique Armour Shop.
  1972 | D        | Noticed a sun demon
  1972 | D        | Noticed an orc high priest
  1974 | D        | Noticed a soul eater
  1974 | D        | Killed an orc high priest
  1974 | D        | Received a gift from Okawaru
  1974 | D        | Reached skill level 9 in Conjurations
  1974 | D        | Reached skill level 9 in Hexes
  1974 | D        | Reached skill level 9 in Charms
  1974 | D        | Reached skill level 9 in Summonings
  1974 | D        | Reached skill level 9 in Necromancy
  1974 | D        | Reached skill level 9 in Translocations
  1974 | D        | Reached skill level 9 in Fire Magic
  1974 | D        | Reached skill level 9 in Ice Magic
  1974 | D        | Reached skill level 9 in Air Magic
  1974 | D        | Reached skill level 9 in Earth Magic
  1974 | D        | Reached skill level 9 in Poison Magic
  1980 | D        | Found Etisaw's Distillery.
  1983 | D        | Noticed an orc high priest
  1985 | D        | Killed an orc high priest
  1985 | D        | Reached skill level 11 in Fighting
  1987 | D        | Killed an orc high priest
  1987 | D        | Reached skill level 10 in Transmutations
  1987 | D        | Reached XP level 12. HP: 83/100 MP: 22/27
  1988 | D        | Found Elidwide's Food Shop.
  1989 | D        | Noticed an orc high priest
  1990 | D        | Noticed an orc high priest
  1993 | D        | Killed an orc high priest
  1993 | D        | Received a gift from Okawaru
  1995 | D        | Noticed a sun demon
  1999 | D        | Noticed an orc high priest
  2001 | D        | Killed an orc high priest
  2001 | D        | Reached skill level 11 in Short Blades
  2001 | D        | Reached skill level 11 in Long Blades
  2001 | D        | Reached skill level 11 in Axes
  2001 | D        | Reached skill level 11 in Maces & Flails
  2001 | D        | Reached skill level 11 in Polearms
  2001 | D        | Reached skill level 11 in Staves
  2001 | D        | Reached skill level 11 in Slings
  2001 | D        | Reached skill level 11 in Bows
  2001 | D        | Reached skill level 11 in Crossbows
  2001 | D        | Reached skill level 11 in Throwing
  2001 | D        | Reached skill level 11 in Armour
  2001 | D        | Reached skill level 11 in Stealth
  2001 | D        | Reached skill level 11 in Shields
  2001 | D        | Reached skill level 12 in Spellcasting
  2001 | D        | Reached skill level 11 in Evocations
  2010 | D        | Noticed a sun demon
  2015 | D        | HP: 19/100 [smoke demon/divine providence[an orc high priest] (13)]
  2021 | D        | Killed an orc high priest
  2021 | D        | Reached skill level 12 in Invocations
  2023 | D        | HP: 12/100 [orc high priest/divine providence (14)]
  2023 | D        | Killed from afar by an orc priest

Vault maps used:
D:        linesprint

Skill      XL: |  1  2  3  4  5  6  7  8  9 10 11 12 |
---------------+-------------------------------------+-----
Spellcasting   | 5 6 7 8 9 10 11 12 | 12.1
Invocations    | 3 4 5 6 7 9 10 11 12 | 12.0
Short Blades   | 2 3 4 5 6 7 8 9 10 11 | 11.1
Long Blades    | 2 3 4 5 6 7 8 9 10 11 | 11.1
Axes           | 2 3 4 5 6 7 8 9 10 11 | 11.1
Maces & Flails | 2 3 4 5 6 7 8 9 10 11 | 11.1
Polearms       | 2 3 4 5 6 7 8 9 10 11 | 11.1
Staves         | 2 3 4 5 6 7 8 9 10 11 | 11.1
Slings         | 2 3 4 5 6 7 8 9 10 11 | 11.1
Bows           | 2 3 4 5 6 7 8 9 10 11 | 11.1
Crossbows      | 2 3 4 5 6 7 8 9 10 11 | 11.1
Throwing       | 2 3 4 5 6 7 8 9 10 11 | 11.1
Armour         | 2 3 4 5 6 7 8 9 10 11 | 11.1
Stealth        | 2 3 4 5 6 7 8 9 10 11 | 11.1
Shields        | 2 3 4 5 6 7 8 9 10 11 | 11.1
Evocations     | 2 3 4 5 6 7 8 9 10 11 | 11.1
Fighting       | 3 4 5 6 7 8 9 11 | 11.4
Dodging        | 5 6 7 8 9 10 11 | 11.9
Unarmed Combat | 7 8 9 10 11 12 | 12.6
Conjurations   | 2 3 4 5 6 7 9 |  9.5
Hexes          | 2 3 4 5 6 7 9 |  9.5
Charms         | 2 3 4 5 6 7 9 |  9.5
Summonings     | 2 3 4 5 6 7 9 |  9.5
Necromancy     | 2 3 4 5 6 7 9 |  9.5
Translocations | 2 3 4 5 6 7 9 |  9.5
Transmutations | 4 5 6 7 8 10 | 10.2
Fire Magic     | 2 3 4 5 6 7 9 |  9.5
Ice Magic      | 2 3 4 5 6 7 9 |  9.5
Air Magic      | 2 3 4 5 6 7 9 |  9.5
Earth Magic    | 2 3 4 5 6 7 9 |  9.5
Poison Magic   | 2 3 4 5 6 7 9 |  9.5

Action                   |  1- 3 |  4- 6 |  7- 9 | 10-12 || total
-------------------------+-------+-------+-------+-------++-------
Melee: Unarmed           |    15 |    43 |    58 |   134 ||   250
       Headbutt          |     3 |     2 |       |       ||     5
       Bite              |     2 |     1 |     2 |    13 ||    18
       Kick              |     2 |       |       |       ||     2
       Punch             |     1 |     1 |     2 |    11 ||    15
 Cast: Beastly Appendage |     2 |     1 |       |       ||     3
       Spider Form       |       |     2 |     2 |       ||     4
       Blade Hands       |       |       |     2 |     8 ||    10
Invok: Heroism           |       |       |     2 |     5 ||     7
       Finesse           |       |       |       |     2 ||     2
 Abil: End Transformatio |       |       |     1 |       ||     1
  Use: Scroll            |       |       |     6 |       ||     6
       Potion            |       |       |     4 |     4 ||     8
 Stab: Sleeping          |       |       |     1 |     1 ||     2
       Invisible         |       |       |       |     8 ||     8
  Eat: Chunk             |       |       |       |     2 ||     2
       Ration            |       |       |       |     1 ||     1
Armor: Robe              |     1 |     3 |     1 |     5 ||    10
       Skin              |       |       |     1 |       ||     1
Dodge: Dodged            |     7 |    23 |    42 |    78 ||   150

Table legend:
 A = Spawn XP
 B = Non-spawn XP
 C = Spawn XP percentage of total XP
 D = Spawn monster count
 E = Non-spawn monster count
 F = Spawn count percentage of total count
 G = Total turns spent on level
                    A         B        C        D         E        F      G
               +---------+---------+-------+---------+---------+-------+---------
         Total |       0 |   21223 |   0.0 |       0 |      85 |   0.0 |  2023
               +---------+---------+-------+---------+---------+-------+---------
             D |       0 |   21223 |   0.0 |       0 |      85 |   0.0 |  2023
               +---------+---------+-------+---------+---------+-------+---------

Vault maps used:
D:        linesprint

Table legend:
 A = Turns spent in this place as a percentage of turns spent in the entire game.
 B = Non-inter-level travel turns spent in this place as a percentage of non-inter-level travel turns spent in the entire game.
 C = Inter-level travel turns spent in this place as a percentage of turns spent in this place.
 D = Turns resting spent in this place as a percentage of non-inter-level travel turns spent in this place.
 E = Turns spent auto-exploring this place as a percentage of non-inter-level travel turns spent in this place.
 F = Non-inter-level travel turns spent in this place divided by the number of levels of this place that you've seen.
                   A       B       C       D       E      F
               +-------+-------+-------+-------+-------+----------------------
         Total | 100.0 | 100.0 |   1.0 |  41.6 |  21.9 | 2002.0
       Dungeon | 100.0 | 100.0 |   1.0 |  41.6 |  21.9 | 2002.0
               +-------+-------+-------+-------+-------+----------------------

Table legend:
 A = Kills in this place as a percentage of kills in entire the game.
 B = Kills by you in this place as a percentage of kills by you in the entire game.
 C = Kills by friends in this place as a percentage of kills by friends in the entire game.
 D = Other kills in this place as a percentage of other kills in the entire game.
 E = Experience gained in this place as a percentage of experience gained in the entire game.
 F = Experience gained in this place divided by the number of levels of this place that you have seen.
                   A       B       C       D       E      F
               +-------+-------+-------+-------+-------+----------------------
         Total | 100.0 | 100.0 |   N/A | 100.0 | 100.0 | 21223.0
       Dungeon | 100.0 | 100.0 |   N/A | 100.0 | 100.0 | 21223.0
               +-------+-------+-------+-------+-------+----------------------
